[ AOE2 MATCH · #495821637 ]
UnrankedJapanese vs Burgundians
Player's team · WIN
[ REPLAY ANALYSIS · EXTRACTED FROM THE RECORDED GAME ]
Feudal
8:50
Castle
—
Imperial
—
| APM avg | 53.4 |
| APM peak | 86 |
| eAPM avg | 20.6 |
| Villagers / military | 32 / 17 |
Focus
⚔️ 21.7% · 🌾 78.3%
Archer ×10 · Militia ×7
Feudal
9:25
Castle
—
Imperial
—
| APM avg | 63.5 |
| APM peak | 117 |
| eAPM avg | 20.7 |
| Villagers / military | 32 / 40 |
Focus
⚔️ 32.2% · 🌾 67.8%
Flemish Militia ×40
Match map
Initial resources + every placement click. Lines = walls · curves = elevation contours. ◆ gold · ⬟ stone · ● berries · ✦ relic · ◌ wall gap
Your base· Open — 6t gap
Emma Stone Walls's base· Open — 4t gap
Smoothed initial terrain · ◌ = detected wall gap · hover for details
Inputs per minute
— RevientaELP - - Emma Stone Walls
Build order — RevientaELP
76 actions detected in the replay
| 0:00 | Queue | Villager (Male) |
| 0:00 | Queue | Villager (Male) |
| 0:01 | Queue | Villager (Male) |
| 0:01 | Queue | Villager (Male) |
| 0:02 | Build | House |
| 0:03 | Build | House |
| 1:24 | Queue | Villager (Male) |
| 1:53 | Build | Lumber Camp |
| 1:54 | Queue | Villager (Male) |
| 2:24 | Queue | Villager (Male) |
| 2:50 | Queue | Villager (Male) |
| 2:50 | Queue | Villager (Male) |
| 2:59 | Build | House |
| 3:11 | Queue | Villager (Male) |
| 3:42 | Queue | Villager (Male) |
| 4:31 | Queue | Villager (Male) |
| 4:31 | Queue | Villager (Male) |
| 4:39 | Build | Mill |
| 4:55 | Queue | Villager (Male) |
| 5:00 | Research | Loom |
| 5:01 | Queue | Villager (Male) |
| 5:01 | Queue | Villager (Male) |
| 5:01 | Queue | Villager (Male) |
| 6:20 | Queue | Villager (Male) |
| 6:40 | Research | Feudal Age |
| 6:50 | Build | Mining Camp |
| 7:15 | Build | Barracks |
| 7:30 | Build | Palisade Wall |
| 7:31 | Build | Palisade Wall |
| 8:13 | Build | House |
| 8:23 | Queue | Militia |
| 8:23 | Queue | Militia |
| 8:25 | Queue | Militia |
| 8:50 | Age | Feudal Age |
| 9:01 | Queue | Villager (Male) |
| 9:01 | Queue | Villager (Male) |
| 9:10 | Research | Man-at-Arms (upgrade) |
| 9:34 | Queue | Villager (Male) |
| 9:39 | Build | Archery Range |
| 9:52 | Queue | Villager (Male) |
| 10:02 | Queue | Villager (Male) |
| 10:43 | Queue | Militia |
| 10:44 | Queue | Militia |
| 10:47 | Build | House |
| 10:53 | Queue | Villager (Male) |
| 11:00 | Build | Blacksmith |
| 11:27 | Queue | Militia |
| 11:42 | Build | House |
| 11:42 | Queue | Villager (Male) |
| 12:08 | Build | Archery Range |
| 12:13 | Queue | Militia |
| 12:21 | Build | Watch Tower |
| 12:35 | Queue | Villager (Male) |
| 12:50 | Queue | Villager (Male) |
| 12:56 | Queue | Archer |
| 12:56 | Queue | Archer |
| 12:59 | Queue | Archer |
| 13:13 | Queue | Villager (Male) |
| 13:32 | Queue | Archer |
| 13:35 | Build | House |
| 13:48 | Build | Farm |
| 13:49 | Queue | Villager (Male) |
| 13:54 | Queue | Villager (Male) |
| 13:58 | Build | Farm |
| 14:11 | Research | Fletching |
| 14:26 | Build | House |
| 14:31 | Queue | Archer |
| 14:34 | Queue | Archer |
| 14:52 | Queue | Villager (Male) |
| 15:19 | Queue | Archer |
| 15:25 | Queue | Villager (Male) |
| 15:38 | Queue | Archer |
| 16:13 | Queue | Archer |
| 16:22 | Build | Market |
| 16:28 | Build | Farm |
| 17:05 | Queue | Archer |
Build order — Emma Stone Walls
98 actions detected in the replay
| 0:02 | Queue | Villager (Male) ×4 |
| 0:02 | Build | House |
| 0:08 | Build | House |
| 1:22 | Queue | Villager (Male) |
| 2:06 | Queue | Villager (Male) |
| 2:06 | Queue | Villager (Male) |
| 2:27 | Queue | Villager (Male) |
| 2:27 | Queue | Villager (Male) |
| 2:46 | Build | Lumber Camp |
| 2:48 | Queue | Villager (Male) |
| 3:22 | Queue | Villager (Male) |
| 3:52 | Build | House |
| 4:00 | Queue | Villager (Male) |
| 4:14 | Research | Double-Bit Axe |
| 4:27 | Queue | Villager (Male) |
| 4:27 | Queue | Villager (Male) |
| 5:25 | Queue | Villager (Male) |
| 5:35 | Build | Mining Camp |
| 5:50 | Queue | Villager (Male) |
| 5:51 | Queue | Villager (Male) |
| 6:12 | Build | House |
| 6:17 | Queue | Villager (Male) |
| 6:26 | Research | Loom |
| 7:15 | Research | Feudal Age |
| 7:16 | Research | Feudal Age |
| 7:20 | Build | House |
| 8:08 | Build | Barracks |
| 8:30 | Build | Palisade Wall |
| 8:34 | Build | Palisade Wall |
| 8:43 | Build | Palisade Wall |
| 8:49 | Queue | Villager (Male) |
| 9:04 | Build | Barracks |
| 9:20 | Queue | Villager (Male) |
| 9:25 | Age | Feudal Age |
| 9:30 | Queue | Flemish Militia |
| 9:31 | Queue | Flemish Militia |
| 9:31 | Queue | Flemish Militia |
| 9:46 | Queue | Flemish Militia ×2 |
| 9:52 | Queue | Villager (Male) |
| 9:58 | Build | Watch Tower |
| 10:34 | Queue | Flemish Militia ×3 |
| 10:34 | Queue | Flemish Militia ×3 |
| 11:17 | Queue | Flemish Militia |
| 11:18 | Queue | Flemish Militia |
| 11:31 | Build | Mill |
| 11:37 | Queue | Villager (Male) |
| 11:51 | Queue | Flemish Militia |
| 12:04 | Queue | Villager (Male) |
| 12:15 | Build | House |
| 12:16 | Build | House |
| 12:29 | Queue | Villager (Male) |
| 12:33 | Queue | Flemish Militia |
| 12:34 | Queue | Flemish Militia |
| 12:36 | Queue | Villager (Male) |
| 12:48 | Queue | Villager (Male) |
| 12:51 | Build | House |
| 12:59 | Build | Palisade Wall |
| 13:05 | Build | Farm |
| 13:06 | Build | Farm |
| 13:06 | Build | Farm |
| 13:06 | Build | Farm |
| 13:08 | Build | Farm |
| 13:12 | Build | Farm |
| 13:12 | Build | Farm |
| 13:12 | Build | Farm |
| 13:35 | Queue | Flemish Militia ×3 |
| 13:36 | Queue | Flemish Militia ×3 |
| 13:43 | Queue | Flemish Militia ×2 |
| 13:48 | Build | Farm |
| 14:04 | Queue | Villager (Male) |
| 14:11 | Queue | Flemish Militia |
| 14:11 | Queue | Flemish Militia |
| 14:15 | Build | Farm |
| 14:31 | Queue | Flemish Militia |
| 14:32 | Queue | Flemish Militia |
| 14:39 | Build | Farm |
| 14:47 | Queue | Flemish Militia |
| 15:10 | Queue | Flemish Militia |
| 15:10 | Queue | Flemish Militia |
| 15:10 | Queue | Flemish Militia |
| 15:19 | Build | Farm |
| 15:19 | Build | Farm |
| 15:28 | Queue | Flemish Militia |
| 15:29 | Queue | Flemish Militia |
| 15:29 | Queue | Villager (Male) |
| 15:30 | Queue | Villager (Male) |
| 15:33 | Build | Farm |
| 15:49 | Queue | Flemish Militia |
| 16:09 | Build | Farm |
| 16:13 | Queue | Flemish Militia |
| 16:13 | Queue | Flemish Militia |
| 16:27 | Build | Farm |
| 16:30 | Queue | Flemish Militia |
| 17:00 | Queue | Flemish Militia |
| 17:00 | Queue | Flemish Militia |
| 17:00 | Queue | Villager (Male) |
| 17:01 | Queue | Villager (Male) |
| 17:01 | Queue | Villager (Male) |
Match timeline
| 7:15 | RevientaELP · first_building Barracks |
| 7:30 | RevientaELP · wall_segment Palisade Wall x1 |
| 7:31 | RevientaELP · wall_segment Palisade Wall x1 |
| 8:08 | Emma Stone Walls · first_building Barracks |
| 8:30 | Emma Stone Walls · wall_segment Palisade Wall x1 |
| 8:34 | Emma Stone Walls · wall_segment Palisade Wall x1 |
| 8:43 | Emma Stone Walls · wall_segment Palisade Wall x1 |
| 8:50 | RevientaELP · age_up feudal |
| 9:25 | Emma Stone Walls · age_up feudal |
| 9:39 | RevientaELP · first_building Archery Range |
| 12:59 | Emma Stone Walls · wall_segment Palisade Wall x1 |
| 17:10 | Emma Stone Walls · resign |
[ AI ANALYSIS · 1 CREDIT ]
What really happened in this match?
Wolo.gg analyzes every decision: build order, eco, micro, common mistakes by bracket. Personalized analysis on WhatsApp or Discord in 30 seconds.
Civ guide
Japanese
Perfil
Jugador #1178408